Map: Triton LE

Players

TLO

  • Race: Zerg Zerg
  • Spawn Location: 11:00

Has - Winner!

  • Race: Protoss Protoss
  • Spawn Location: 5:00

Event: IEM Katowice 2020

VOD

Have the link to the VOD?

Description

Time

  • Played on: Feb. 24, 2020, 12:12 p.m.
  • Length: 12:26

All games in this series

Show
View Real Time Build Order
Export as new Build Order

TLO Zerg 

Build Orders: Hatch First 

Get SALT Encoding   

  12  0:00  Drone  
  13  0:13  Overlord  
  13  0:16  Drone  
  14  0:31  Drone x2  
  16  0:48  Hatchery  
  15  0:51  Drone  
  15  0:54  Drone  
  17  1:10  Spawning Pool  
  16  1:12  Drone  
  16  1:14  Extractor  
  16  1:17  Drone  
  17  1:21  Drone  
  18  1:30  Drone  
  19  1:42  Drone  
  20  1:52  Overlord  
  20  1:56  Queen  
  20  2:00  Zergling x2, Queen  
  25  2:05  Drone  
  26  2:11  Drone  
  26  2:12  Drone  
  28  2:16  Metabolic Boost  
  28  2:22  Drone x2  
  30  2:35  Drone  
  31  2:38  Hatchery  
  30  2:45  Queen  
  30  2:50  Overlord  
  31  2:52  Zergling x2  
  32  2:59  Drone  
  32  3:00  Overlord  
  32  3:01  Drone  
  32  3:04  Drone  
  32  3:05  Drone  
  36  3:08  Drone  
  36  3:09  Drone  
  38  3:14  Spore Crawler  
  38  3:17  Spore Crawler  
  38  3:19  Zergling x2  
  37  3:21  Zergling x2  
  37  3:24  Zergling x2, Drone  
  40  3:30  Drone  
  41  3:37  Drone x2  
  41  3:38  Drone  
  41  3:39  Drone  
  41  3:40  Drone  
  42  3:42  Drone  
  42  3:45  Drone  
  43  3:49  Drone  
  43  3:50  Drone  
  43  3:51  Drone  
  43  3:52  Drone  
  43  3:55  Drone  
  48  4:00  Overlord  
  48  4:06  Overlord  
  48  4:08  Drone  
  48  4:09  Drone  
  50  4:13  Overlord  
  50  4:15  Drone  
  50  4:19  Zergling x2  
  50  4:22  Drone  
  52  4:25  Drone  
  52  4:28  Drone  
  52  4:29  Lair, Roach Warren  
  52  4:30  Zergling x2, Extractor  
  52  4:34  Drone  
  52  4:36  Drone  
  52  4:37  Drone  
  53  4:39  Drone  
  53  4:40  Zergling x2  
  53  4:43  Extractor  
  53  4:44  Zergling x2  
  55  4:46  Zergling x2  
  55  4:47  Zergling x2  
  55  4:50  Zergling x4  
  59  4:54  Zergling x2  
  59  4:55  Zergling x2  
  59  4:57  Zergling x2  
  59  4:59  Overlord  
  62  5:01  Zergling x2  
  62  5:02  Zergling x4  
  62  5:03  Zergling x2  
  65  5:08  Overlord  
  65  5:16  Overlord  
  65  5:19  Zergling x2, Roach  
  68  5:22  Roach x3  
  68  5:25  Overlord  
  68  5:27  Glial Reconstitution  
  76  5:28  Roach  
  76  5:30  Roach  
  76  5:32  Roach  
  76  5:33  Roach  
  82  5:36  Roach x2  
  82  5:41  Overlord  
  82  5:42  Roach  
  88  5:46  Roach  
  90  5:51  Roach  
  90  5:52  Drone  
  90  5:53  Spore Crawler  
  90  5:54  Queen  
  93  5:57  Roach  
  93  5:59  Drone  
  93  6:00  Drone  
  93  6:01  Drone  
  98  6:04  Roach  
  98  6:07  Drone x2  
  98  6:11  Roach x2, Overlord  
  106  6:14  Overlord  
  106  6:17  Overlord  
  106  6:19  Overlord  
  106  6:22  Overlord  
  106  6:24  Overlord  
  106  6:27  Overlord  
  105  6:33  Roach  
  105  6:35  Roach  
  105  6:37  Zergling x2, Roach x2  
  105  6:39  Drone  
  110  6:40  Extractor x2, Drone x2  
  110  6:45  Extractor, Drone x2  
  111  6:49  Drone  
  111  6:51  Drone  
  111  6:52  Roach x2  
  111  6:54  Roach  
  114  6:56  Roach  
  110  7:01  Drone  
  108  7:15  Drone  
  106  7:16  Spire  
  106  7:17  Drone  
  106  7:18  Drone x4  
  106  7:20  Drone  
  110  7:25  Drone x2  
  112  7:32  Overlord  
  112  7:46  Drone  
  112  7:48  Drone  
  112  7:49  Overlord  
  114  7:55  Roach x8  
  128  7:59  Roach  
  128  8:00  Roach  
  128  8:01  Roach  
  128  8:03  Roach  
  138  8:05  Roach  
  138  8:08  Roach  
  138  8:10  Roach  
  141  8:23  Overlord  
  141  8:25  Overlord  
  140  8:28  Mutalisk x3  
  140  8:31  Mutalisk  
  140  8:32  Mutalisk  
  150  8:34  Drone  
  150  8:38  Pneumatized Carapace  
  151  8:44  Drone  
  151  8:49  Drone  
  151  8:50  Overseer  
  151  8:52  Roach  
  151  8:54  Roach  
  156  8:56  Roach  
  156  8:58  Roach  
  156  9:01  Roach, Drone x2  
  164  9:04  Evolution Chamber  
  164  9:09  Roach x4  
  171  9:13  Overlord  
  171  9:16  Roach  
  173  9:18  Roach  
  175  9:25  Overlord  
  175  9:26  Drone  
  175  9:29  Drone, Zerg Missile Weapons Level 1  
  175  9:30  Baneling Nest  
  176  9:31  Roach  
  176  9:32  Roach  
  176  9:34  Roach  
  176  9:35  Roach  
  178  9:42  Overseer  
  178  9:45  Drone  
  177  10:04  Roach  
  177  10:05  Roach  
  181  10:07  Roach  
  181  10:10  Ravager x4  
  181  10:11  Roach  
  181  10:12  Roach  
  183  10:31  Overlord  
  179  10:36  Overseer  
  179  10:40  Roach x6, Overlord  
  163  10:46  Roach x5  
  159  10:51  Roach  
  159  10:56  Roach  
  159  10:57  Roach  
  148  11:01  Roach  
  142  11:05  Roach  
  140  11:11  Roach  
  140  11:12  Roach  
  140  11:16  Roach  
  140  11:18  Ravager x2, Roach  
  124  11:19  Ravager x3  
  119  11:27  Roach  
  101  11:35  Drone x2  
  101  11:39  Hatchery  
  69  11:57  Ravager  
  69  11:58  Ravager x3  
Show
View Real Time Build Order
Export as new Build Order

Has Protoss - Winner!

Build Orders: 1 Gate Expand, Oracle Opening, Phoenix Opening, Archon Immortal 

Get SALT Encoding   

  12  0:00  Probe  
  13  0:13  Probe  
  14  0:20  Pylon  
  14  0:25  Probe  
  15  0:38  Probe (Chrono Boost)  
  15  0:40  Assimilator  
  16  0:45  Gateway  
  16  0:49  Probe (Chrono Boost)  
  17  0:54  Probe (Chrono Boost)  
  18  1:05  Probe  
  19  1:17  Probe  
  20  1:25  Nexus  
  20  1:34  Cybernetics Core  
  20  1:39  Probe  
  21  1:44  Assimilator  
  21  1:51  Probe  
  22  1:54  Pylon  
  22  2:03  Probe  
  23  2:11  Adept (Chrono Boost)  
  23  2:12  Stargate  
  25  2:20  Probe  
  25  2:21  Warp Gate  
  26  2:33  Probe (Chrono Boost)  
  26  2:34  Stalker  
  29  2:39  Probe (Chrono Boost)  
  30  2:51  Probe x2 (Chrono Boost)  
  32  2:56  Probe (Chrono Boost), Oracle (Chrono Boost)  
  32  2:57  Probe (Chrono Boost)  
  34  3:04  Gateway  
  37  3:08  Probe  
  38  3:12  Pylon  
  38  3:14  Probe  
  39  3:20  Probe  
  39  3:23  Phoenix (Chrono Boost)  
  39  3:26  Probe  
  43  3:32  Probe  
  44  3:40  Probe  
  45  3:44  Probe  
  45  3:45  Twilight Council  
  44  3:49  Pylon  
  44  3:52  Probe  
  45  3:55  Robotics Facility  
  45  4:01  Pylon  
  46  4:06  Assimilator  
  46  4:09  Assimilator  
  45  4:10  Gateway x2  
  45  4:16  Pylon  
  45  4:19  Adept  
  45  4:20  Adept, Resonating Glaives (Chrono Boost)  
  45  4:22  Probe  
  45  4:23  Probe  
  47  4:37  Probe  
  48  4:39  Probe  
  48  4:42  Warp Prism (Chrono Boost)  
  49  4:49  Probe  
  49  4:50  Forge  
  49  4:52  Probe  
  53  5:01  Probe  
  55  5:08  Adept x2  
  55  5:09  Adept x2  
  55  5:14  Probe x2  
  64  5:23  Protoss Ground Weapons Level 1 (Chrono Boost)  
  64  5:24  Pylon  
  64  5:37  Adept x3  
  64  5:39  Pylon  
  70  5:46  Immortal (Chrono Boost)  
  74  5:58  Nexus  
  74  6:00  Pylon  
  74  6:06  Sentry x3  
  74  6:07  Charge  
  74  6:08  Probe  
  81  6:20  Templar Archives  
  81  6:21  Gateway  
  81  6:25  Probe  
  82  6:28  Immortal  
  82  6:32  Probe  
  87  6:37  Probe  
  76  6:42  Gateway  
  76  6:51  Probe  
  77  7:00  Zealot  
  77  7:01  Zealot x3  
  85  7:06  Gateway  
  85  7:07  Gateway  
  82  7:09  Pylon  
  82  7:10  Pylon  
  82  7:11  Immortal  
  80  7:26  High Templar x3  
  80  7:27  High Templar  
  80  7:28  Zealot  
  90  7:30  Protoss Ground Weapons Level 2 (Chrono Boost), Archon  
  90  7:31  Archon, Nexus  
  90  7:32  Pylon  
  90  7:37  Pylon  
  90  7:45  Probe x2  
  92  7:51  Photon Cannon  
  92  7:53  Zealot  
  92  7:56  Adept  
  96  7:58  Adept  
  96  8:01  Probe x2  
  96  8:05  Zealot  
  102  8:09  Immortal  
  106  8:13  Probe  
  106  8:16  Probe  
  108  8:34  Sentry x2, Zealot  
  112  8:35  Zealot x2  
  112  8:37  Pylon  
  112  8:39  Pylon  
  112  8:40  Pylon  
  118  8:42  Blink (Chrono Boost)  
  118  8:43  Probe x2  
  118  8:44  Pylon  
  120  8:57  Photon Cannon  
  120  8:58  Photon Cannon  
  120  9:10  Stalker  
  120  9:11  Stalker x3  
  120  9:16  Stalker  
  130  9:20  Stalker x2  
  133  9:26  Assimilator x2  
  133  9:31  Stalker  
  135  9:45  Stalker x4  
  143  9:55  Stalker x3  
  149  10:05  Stalker  
  151  10:09  Stalker  
  151  10:10  Stalker x3  
  159  10:23  Stalker x3  
  143  10:46  Stalker  
  143  10:47  Stalker x2  
  125  11:11  Pylon  
  105  11:20  Stalker x5  
  106  11:43  Shield Battery x2  
  106  11:45  Shield Battery  
  106  11:52  Zealot x5  
  114  12:11  Zealot  
  114  12:12  Zealot x2  
  114  12:14  Zealot x2  
  114  12:15  Zealot  

Tags
 
Add a new tag
Caveats
  • Supply blocks, unpowered buildings, or Contaminate may cause inaccurate times.
  • Supply counts are checked every 10 seconds.